TOP OF THE 1ST |
Gresham Gold Souls batting - Pitching for Mile High Broncos : RHP Ricardo Marino
|
Pitching: RHP Ricardo Marino
|
|
Batting: RHB Elpidio Martinho
|
0-0: Swinging Strike 0-1: Ball 1-1: Called Strike 1-2: Strikes out swinging
|
Batting: LHB Bill Smith
|
0-0: Called Strike 0-1: Ball 1-1: Fly out, F8 (Flyball, 8RS)
|
Batting: RHB Mario Méndez
|
0-0: Called Strike 0-1: Foul Ball, location: 2F 0-2: Ball 1-2: Strikes out swinging
|
Top of the 1st over - 0 run(s), 0 hit(s), 0 error(s), 0 left on base; Gresham 0 - Mile High 0 |
BOTTOM OF THE 1ST |
Mile High Broncos batting - Pitching for Gresham Gold Souls : RHP Arturo Martínez
|
Pitching: RHP Arturo Martínez
|
|
Batting: LHB Ernesto López
|
0-0: DOUBLE (Flyball, 7LM)
|
Batting: RHB Evan Robinson
|
0-0: Called Strike Ernesto López steals 3rd base 0-1: Ball 1-1: Fly out, F8 (Flyball, 8RXD) Runner from 3rd tags up, SCORES, no throw
|
Batting: LHB Mark Everett
|
0-0: Called Strike 0-1: SINGLE (Line Drive, 7S)
|
Batting: LHB Dave Cook
|
0-0: Called Strike 0-1: Called Strike 0-2: Strikes out swinging
|
Batting: RHB Jeff Packard
|
0-0: 2-RUN HOME RUN (Line Drive, 78XD), Distance : 432 ft
|
Batting: RHB António Martínez
|
0-0: Ball 1-0: Fly out, F2 (Popup, 2L)
|
Bottom of the 1st over - 3 run(s), 3 hit(s), 0 error(s), 0 left on base; Gresham 0 - Mile High 3 |
TOP OF THE 2ND |
Gresham Gold Souls batting - Pitching for Mile High Broncos : RHP Ricardo Marino
|
Batting: LHB Ezechiele Bruno
|
0-0: Ball 1-0: Ball 2-0: Foul Ball, location: 2F 2-1: Swinging Strike 2-2: Ball 3-2: Foul Ball, location: 2F 3-2: Strikes out looking
|
Batting: RHB Pablo Castillo
|
0-0: Swinging Strike 0-1: Foul Ball, location: 2F 0-2: Reached on error, E6 (Groundball, 6)
|
Batting: LHB Millard Dye
|
0-0: SINGLE (Line Drive, 7S) Pablo Castillo to third Runner from 3rd tries for Home, SAFE, throw made home
|
Batting: SHB Todd Smith
|
0-0: Ball 1-0: Ball 2-0: Fly out, F9 (Flyball, 89M)
|
Batting: RHB Anthony Wells
|
0-0: Ball 1-0: Called Strike 1-1: Ball 2-1: Swinging Strike 2-2: Strikes out swinging
|
Top of the 2nd over - 1 run(s), 1 hit(s), 1 error(s), 1 left on base; Gresham 1 - Mile High 3 |
BOTTOM OF THE 2ND |
Mile High Broncos batting - Pitching for Gresham Gold Souls : RHP Arturo Martínez
|
Batting: RHB Edward Williams
|
0-0: Ball 1-0: Swinging Strike 1-1: Called Strike 1-2: Fly out, F8 (Flyball, 8RD)
|
Batting: RHB John Brown
|
0-0: Ball 1-0: Ball 2-0: Fly out, F9 (Flyball, 9)
|
Batting: RHB Bo Vickers
|
0-0: Ball 1-0: Called Strike 1-1: Called Strike 1-2: SOLO HOME RUN (Flyball, 7LD), Distance : 361 ft
|
Batting: LHB Ernesto López
|
0-0: Called Strike 0-1: Swinging Strike 0-2: Ball 1-2: Ball 2-2: Fly out, F8 (Flyball, 8LD)
|
Bottom of the 2nd over - 1 run(s), 1 hit(s), 0 error(s), 0 left on base; Gresham 1 - Mile High 4 |
TOP OF THE 3RD |
Gresham Gold Souls batting - Pitching for Mile High Broncos : RHP Ricardo Marino
|
Batting: RHB Brian Dixon
|
0-0: Ball 1-0: Called Strike 1-1: Swinging Strike 1-2: Foul Ball, location: 2F 1-2: Foul Ball, location: 2F 1-2: Fly out, F4 (Flyball, 4D)
|
Batting: RHB Elpidio Martinho
|
0-0: Ball 1-0: Called Strike 1-1: Ground out 5-3 (Groundball, 5)
|
Batting: LHB Bill Smith
|
0-0: Ball 1-0: Called Strike 1-1: Swinging Strike 1-2: Strikes out swinging
|
Top of the 3rd over - 0 run(s), 0 hit(s), 0 error(s), 0 left on base; Gresham 1 - Mile High 4 |
BOTTOM OF THE 3RD |
Mile High Broncos batting - Pitching for Gresham Gold Souls : RHP Arturo Martínez
|
Batting: RHB Evan Robinson
|
0-0: Called Strike 0-1: Ball 1-1: Foul Ball, location: 2F 1-2: Strikes out looking
|
Batting: LHB Mark Everett
|
0-0: Called Strike 0-1: Ball 1-1: Foul Ball, location: 2F 1-2: SOLO HOME RUN (Line Drive, 7D), Distance : 384 ft
|
Batting: LHB Dave Cook
|
0-0: Ball 1-0: Ball 2-0: Called Strike 2-1: Ball 3-1: Called Strike 3-2: Foul Ball, location: 2F 3-2: Foul Ball, location: 2F 3-2: DOUBLE (Flyball, 8LD)
|
Batting: RHB Jeff Packard
|
0-0: Called Strike 0-1: SINGLE (Flyball, 8RS) Dave Cook to third
|
Batting: RHB António Martínez
|
0-0: Called Strike 0-1: Foul Ball, location: 2F 0-2: Ball 1-2: Foul Ball, location: 2F 1-2: Strikes out swinging
|
Batting: RHB Edward Williams
|
Pickoff Throw to First - Out!
|
Bottom of the 3rd over - 1 run(s), 3 hit(s), 0 error(s), 0 left on base; Gresham 1 - Mile High 5 |
TOP OF THE 4TH |
Gresham Gold Souls batting - Pitching for Mile High Broncos : RHP Ricardo Marino
|
Batting: RHB Mario Méndez
|
0-0: Fly out, F7 (Line Drive, 78M)
|
Batting: LHB Ezechiele Bruno
|
0-0: Swinging Strike 0-1: Ball 1-1: Ball 2-1: Ball 3-1: Base on Balls
|
Batting: RHB Pablo Castillo
|
0-0: Called Strike 0-1: Fly out, F8 (Flyball, 8LXD)
|
Batting: LHB Millard Dye
|
0-0: Called Strike 0-1: Ball 1-1: Fly out, F7 (Flyball, 7S)
|
Top of the 4th over - 0 run(s), 0 hit(s), 0 error(s), 1 left on base; Gresham 1 - Mile High 5 |
BOTTOM OF THE 4TH |
Mile High Broncos batting - Pitching for Gresham Gold Souls : RHP Arturo Martínez
|
Batting: RHB Edward Williams
|
0-0: Ball 1-0: DOUBLE (Line Drive, 8LD)
|
Batting: RHB John Brown
|
0-0: Ball 1-0: Fly out, F9 (Flyball, 9LMF)
|
Batting: RHB Bo Vickers
|
0-0: Ground out 6-3 (Groundball, 6)
|
Batting: LHB Ernesto López
|
0-0: Ball 1-0: Ball 2-0: Fly out, F7 (Flyball, 7)
|
Bottom of the 4th over - 0 run(s), 1 hit(s), 0 error(s), 1 left on base; Gresham 1 - Mile High 5 |
TOP OF THE 5TH |
Gresham Gold Souls batting - Pitching for Mile High Broncos : RHP Ricardo Marino
|
Batting: SHB Todd Smith
|
0-0: Called Strike 0-1: Ball 1-1: Called Strike 1-2: SINGLE (Line Drive, 5S)
|
Batting: RHB Anthony Wells
|
0-0: Called Strike 0-1: Swinging Strike 0-2: Ball 1-2: Strikes out swinging
|
Batting: RHB Brian Dixon
|
0-0: Called Strike 0-1: Ball 1-1: Foul Ball, location: 2F 1-2: Fielders Choice at 2nd, 6-4 (Groundball, 6)
|
Batting: RHB Elpidio Martinho
|
0-0: Ball 1-0: Ball 2-0: Called Strike 2-1: Foul Ball, location: 2F Pickoff Throw to First - Out!
|
Top of the 5th over - 0 run(s), 1 hit(s), 0 error(s), 0 left on base; Gresham 1 - Mile High 5 |
BOTTOM OF THE 5TH |
Mile High Broncos batting - Pitching for Gresham Gold Souls : RHP Arturo Martínez
|
Pitching: RHP David Green
|
|
Batting: RHB Evan Robinson
|
0-0: Ball 1-0: DOUBLE (Flyball, 9D)
|
Batting: LHB Mark Everett
|
0-0: Ball 1-0: Ball 2-0: Called Strike 2-1: Foul Ball, location: 2F 2-2: Ball 3-2: Base on Balls
|
Batting: LHB Dave Cook
|
0-0: Called Strike 0-1: Ball 1-1: Ball 2-1: Foul Ball, location: 2F 2-2: Ball 3-2: Base on Balls Evan Robinson to third Mark Everett to second
|
Batting: RHB Jeff Packard
|
0-0: Called Strike Balk! Evan Robinson scores Mark Everett to third Dave Cook to second 0-1: Fly out, F7 (Flyball, 7) Runner from 3rd tags up, SCORES, throw made
|
Batting: RHB António Martínez
|
0-0: Fly out, F4 (Popup, 3D)
|
Batting: RHB Edward Williams
|
0-0: Ball 1-0: Ball 2-0: Foul Ball, location: 2F 2-1: Foul Ball, location: 2F 2-2: Foul Ball, location: 2F 2-2: Strikes out swinging
|
Bottom of the 5th over - 2 run(s), 1 hit(s), 0 error(s), 1 left on base; Gresham 1 - Mile High 7 |
TOP OF THE 6TH |
Gresham Gold Souls batting - Pitching for Mile High Broncos : RHP Ricardo Marino
|
Batting: RHB Elpidio Martinho
|
0-0: Called Strike 0-1: Foul Ball, location: 2F 0-2: Ball 1-2: Foul Ball, location: 2F 1-2: SINGLE (Flyball, 8RM)
|
Batting: LHB Bill Smith
|
0-0: Ball 1-0: SINGLE (Line Drive, 89M) Elpidio Martinho to second Runner from 2nd tries for 3rd, SAFE, no throw
|
Batting: RHB Mario Méndez
|
0-0: Fly out, F7 (Flyball, 78M) Runner from 3rd tags up, SCORES, no throw
|
Batting: LHB Ezechiele Bruno
|
0-0: Called Strike 0-1: Ball 1-1: Ball 2-1: Foul Ball, location: 2F 2-2: Strikes out swinging
|
Batting: RHB Pablo Castillo
|
0-0: Ball 1-0: SINGLE (Groundball, 56D) Bill Smith to second
|
Batting: LHB Millard Dye
|
0-0: Ball 1-0: Foul Ball, location: 2F 1-1: Swinging Strike 1-2: Ball 2-2: Foul Ball, location: 2F 2-2: Strikes out looking
|
Top of the 6th over - 1 run(s), 3 hit(s), 0 error(s), 2 left on base; Gresham 2 - Mile High 7 |
BOTTOM OF THE 6TH |
Mile High Broncos batting - Pitching for Gresham Gold Souls : RHP David Green
|
Pitching: RHP Paul Miller
|
|
Batting: RHB John Brown
|
0-0: SINGLE (Groundball, 4D)
|
Batting: RHB Bo Vickers
|
0-0: Called Strike 0-1: Grounds into double play, 4-6-3 (Groundball, 4)
|
Batting: LHB Ernesto López
|
0-0: Foul Ball, location: 2F 0-1: DOUBLE (Line Drive, 8LD)
|
Batting: RHB Evan Robinson
|
0-0: Ball 1-0: Ground out 1-3 (Groundball, P)
|
Bottom of the 6th over - 0 run(s), 2 hit(s), 0 error(s), 1 left on base; Gresham 2 - Mile High 7 |
TOP OF THE 7TH |
Gresham Gold Souls batting - Pitching for Mile High Broncos : RHP Ricardo Marino
|
Batting: SHB Todd Smith
|
0-0: Ball 1-0: Ball 2-0: Called Strike 2-1: Foul Ball, location: 2F 2-2: Ground out U3 (Groundball, 34)
|
Batting: RHB Anthony Wells
|
0-0: Called Strike 0-1: Ball 1-1: Called Strike 1-2: Ball 2-2: Fly out, F9 (Flyball, 9S)
|
Batting: RHB Brian Dixon
|
0-0: Ball 1-0: Foul Ball, location: 2F 1-1: DOUBLE (Flyball, 89XD)
|
Pitching: LHP Domingo Morales
|
|
Batting: RHB Elpidio Martinho
|
0-0: Ball 1-0: Foul Ball, location: 2F 1-1: Foul Ball, location: 2F 1-2: Foul Ball, location: 2F 1-2: Ball 2-2: Strikes out looking
|
Top of the 7th over - 0 run(s), 1 hit(s), 0 error(s), 1 left on base; Gresham 2 - Mile High 7 |
BOTTOM OF THE 7TH |
Mile High Broncos batting - Pitching for Gresham Gold Souls : RHP Paul Miller
|
Batting: LHB Mark Everett
|
0-0: Called Strike 0-1: Ball 1-1: Foul Ball, location: 2F 1-2: Fly out, F7 (Flyball, 7)
|
Batting: LHB Dave Cook
|
0-0: Called Strike 0-1: Swinging Strike 0-2: Strikes out looking
|
Batting: RHB Jeff Packard
|
0-0: Ball 1-0: Fly out, F9 (Flyball, 9LS)
|
Bottom of the 7th over - 0 run(s), 0 hit(s), 0 error(s), 0 left on base; Gresham 2 - Mile High 7 |
TOP OF THE 8TH |
Gresham Gold Souls batting - Pitching for Mile High Broncos : LHP Domingo Morales
|
Now in CF: José Darias
|
|
Batting: LHB Bill Smith
|
0-0: Ball 1-0: Ball 2-0: Foul Ball, location: 2F 2-1: Foul Ball, location: 2F 2-2: Ball 3-2: Base on Balls
|
Batting: RHB Mario Méndez
|
0-0: Called Strike 0-1: Foul Ball, location: 2F 0-2: Foul Ball, location: 2F 0-2: Strikes out swinging
|
Batting: LHB Ezechiele Bruno
|
0-0: Called Strike 0-1: Swinging Strike 0-2: Strikes out swinging
|
Batting: RHB Pablo Castillo
|
0-0: Called Strike 0-1: Swinging Strike 0-2: Ball 1-2: Foul Ball, location: 2F 1-2: Fly out, F6 (Line Drive, 6M)
|
Top of the 8th over - 0 run(s), 0 hit(s), 0 error(s), 1 left on base; Gresham 2 - Mile High 7 |
BOTTOM OF THE 8TH |
Mile High Broncos batting - Pitching for Gresham Gold Souls : RHP Paul Miller
|
Batting: RHB António Martínez
|
0-0: Ball 1-0: Ball 2-0: Ball 3-0: Base on Balls
|
Batting: RHB Edward Williams
|
0-0: Ball 1-0: Ball 2-0: Called Strike 2-1: Fly out, F6 (Flyball, 56D)
|
Batting: RHB John Brown
|
0-0: Called Strike 0-1: Ball 1-1: Ball 2-1: Called Strike 2-2: Foul Ball, location: 2F 2-2: Ball 3-2: Fly out, F9 (Flyball, 9)
|
Batting: RHB Bo Vickers
|
0-0: Fly out, F6 (Line Drive, 6MS)
|
Bottom of the 8th over - 0 run(s), 0 hit(s), 0 error(s), 1 left on base; Gresham 2 - Mile High 7 |
TOP OF THE 9TH |
Gresham Gold Souls batting - Pitching for Mile High Broncos : LHP Domingo Morales
|
Pitching: RHP Denny Green
|
|
Now at SS: Luis Alvarado
|
|
Batting: LHB Millard Dye
|
0-0: Called Strike 0-1: Ball 1-1: Ball 2-1: Foul Ball, location: 2F 2-2: DOUBLE (Line Drive, 8LXD)
|
Batting: SHB Todd Smith
|
0-0: Foul Ball, location: 2F 0-1: Called Strike 0-2: Ball 1-2: Ball 2-2: Ball 3-2: Ground out 4-3 (Groundball, 4) Millard Dye to third
|
Batting: RHB Anthony Wells
|
0-0: Foul Ball, location: 2F 0-1: Called Strike 0-2: Foul Ball, location: 2F 0-2: Ball 1-2: Foul Ball, location: 2F 1-2: Strikes out swinging
|
Batting: RHB Brian Dixon
|
0-0: Foul Ball, location: 2F 0-1: Called Strike 0-2: Ground out 5-3 (Groundball, 56S)
|
Top of the 9th over - 0 run(s), 1 hit(s), 0 error(s), 1 left on base; Gresham 2 - Mile High 7 |
|